 Dungeon Crawl Stone Soup version 0.25-a0-523-g9afb2ee040 (webtiles) character file.

Game seed: 7193332221987854417, levelgen mode: classic

93969 EnegeticOcto the Champion of Chaos (level 15, -1/146 HPs)
             Began as a Deep Dwarf Fighter on Feb 18, 2020.
             Was the Champion of Makhleb.
             Slain by a redback (8 damage)
             ... on level 4 of the Spider Nest.
             The game lasted 00:14:08 (15548 turns).

EnegeticOcto the Champion of Chaos (DDFi)          Turns: 15548, Time: 00:14:08

Health: -1/146     AC: 28    Str: 25    XL:     15   Next: 62%
Magic:  16/16      EV:  9    Int: 10    God:    Makhleb [******]
Gold:   850        SH: 19    Dex: 12    Spells: 14/14 levels left

rFire    + . .     SeeInvis .   z - +12 lance "Wyrmbane" {slay drac, rPois rF+ rC+ AC+3}
rCold    + . .     Gourm    .   x - +0 tower shield
rNeg     + + .     Faith    .   O - +0 plate armour
rPois    +         Spirit   .   c - +2 helmet
rElec    .         Reflect  .   R - scarf {cloud immunity}
rCorr    .         Harm     +   W - +2 pair of gloves
MR       +++..                  r - +2 pair of boots {run}
Stlth    ..........             A - amulet of harm
HPRegen  0.00/turn              f - ring "Ageloij" {rN+ MR+ Stlth-}
MPRegen  0.15/turn              (no ring)

@: non-regenerating, slowed, very slow
A: damage resistance, heal wounds, negative energy resistance 1, sense
surroundings 2, no regeneration
a: Heal Wounds, Minor Destruction, Lesser Servant of Makhleb, Major Destruction,
Greater Servant of Makhleb, Renounce Religion


You were on level 4 of the Spider Nest.
You worshipped Makhleb.
Makhleb was exalted by your worship.
You were not hungry.

You visited 4 branches of the dungeon, and saw 25 of its levels.
You also visited: Sewer and Gauntlet.

You collected 1161 gold pieces.
You spent 311 gold pieces at shops.

Inventory:

Hand Weapons
 a - a +1 war axe of draining
 z - the +12 lance "Wyrmbane" (weapon) {slay drac, rPois rF+ rC+ AC+3}
   (You took it off Maggie on level 7 of the Dungeon)

   It affects your AC (+3).
   It protects you from fire.
   It protects you from cold.
   It protects you from poison.
Missiles
 L - 2 throwing nets (quivered)
Armour
 c - a +2 helmet (worn)
 r - a +2 pair of boots of running (worn)
 x - a +0 tower shield (worn)
 O - a +0 plate armour (worn)
 P - a scarf of repulsion
 R - a scarf of cloud immunity (worn)
 W - a +2 pair of gloves (worn)
Jewellery
 f - the ring "Ageloij" (left hand) {rN+ MR+ Stlth-}
   (You took it off a meliai in a Gauntlet)

   [ring of attention]

   It protects you from negative energy.
   It affects your resistance to hostile enchantments.
   It makes you less stealthy.
 A - an amulet of harm (around neck)
 E - the ring "Plog" {rF- rC++ rCorr MP+9 Stlth+}
   (You found it on level 2 of the Lair of Beasts)

   [ring of resist corrosion]

   It makes you vulnerable to fire.
   It greatly protects you from cold.
   It affects your magic capacity (+9).
   It provides partial protection from all sources of acid and corrosion.
   It makes you more stealthy.
 U - the ring of Jehast {*Corrode rElec MP+9 Str+3 Dex+7}
   (You took it off a minotaur in a Gauntlet)

   [ring of strength]

   It affects your strength (+3).
   It affects your dexterity (+7).
   It insulates you from electricity.
   It affects your magic capacity (+9).
   It may corrode you when you take damage.
 X - an uncursed ring of protection from magic {unknown}
 Y - a cursed ring of positive energy {unknown}
Wands
 g - a wand of paralysis (23)
 s - a wand of iceblast (9)
 G - a wand of digging (6) {@V2}
 I - a wand of disintegration (15)
 J - a wand of scattershot (5)
 K - a wand of flame (18)
 N - a wand of enslavement (19)
 S - a wand of polymorph (17)
Scrolls
 d - 8 scrolls of teleportation {@r2}
 h - 4 scrolls of enchant armour
 t - 9 scrolls of remove curse {@r6}
 u - 4 scrolls of enchant weapon
 y - 3 scrolls of magic mapping {@r5}
 D - 2 scrolls of blinking {@r3}
 F - a scroll of identify {@r1}
 Q - a scroll of fear
Potions
 b - a potion of mutation
 i - 2 potions of brilliance
 j - 3 potions of stabbing {@q5}
 k - 2 potions of might {@q3}
 l - 6 potions of heal wounds {@q2}
 m - a potion of resistance {@q6}
 n - 4 potions of haste {@q4}
 o - 2 potions of magic
 p - 3 potions of flight
 q - 6 potions of curing {@q1}
 v - 3 potions of berserk rage
 w - 4 potions of invisibility
 B - 5 potions of degeneration
 H - 2 potions of lignification {@q7}
 T - a potion of experience {unknown}
 V - 3 potions of cancellation
Miscellaneous
 M - a lightning rod (4/4)
Comestibles
 e - 32 rations
 C - 3 chunks of flesh


   Skills:
 * Level 12.7 Fighting
 - Level 7.3(11.1) Axes
 * Level 11.2(11.8) Polearms
 + Level 11.2 Armour
 + Level 10.6 Dodging
 + Level 11.2 Shields
 * Level 15.7 Invocations


You had 14 spell levels left.
You didn't know any spells.
Your spell library contained the following spells:

 Spells                   Type           Power        Failure   Level  Hunger
 Beastly Appendage        Tmut           #.....       100%        1    ##.....
 Foxfire                  Conj/Fire      #...         100%        1    ##.....
 Magic Dart               Conj           #...         100%        1    ##.....
 Summon Small Mammal      Summ           #...         100%        1    ##.....
 Blink                    Tloc           N/A          100%        2    ###....
 Call Imp                 Summ           #.......     100%        2    ###....
 Slow                     Hex            #.......     100%        2    ###....
 Sticks to Snakes         Tmut           #.......     100%        2    ###....
 Call Canine Familiar     Summ           #.......     100%        3    ####...
 Conjure Flame            Conj/Fire      #.......     100%        3    ####...
 Inner Flame              Hex/Fire       #.......     100%        3    ####...
 Mephitic Cloud           Conj/Pois/Air  #.......     100%        3    ####...
 Spider Form              Tmut/Pois      #.........   100%        3    ####...
 Summon Guardian Golem    Hex/Summ       #.......     100%        3    ####...
 Ice Form                 Ice/Tmut       #.......     100%        4    #####..
 Leda's Liquefaction      Hex/Erth       #.........   100%        4    #####..
 Sticky Flame             Conj/Fire      #.......     100%        4    #####..
 Summon Ice Beast         Ice/Summ       #.......     100%        4    #####..
 Summon Lightning Spire   Summ/Air       #.......     100%        4    #####..
 Blade Hands              Tmut           #.........   100%        5    ######.
 Bolt of Magma            Conj/Fire/Erth #.........   100%        5    ######.
 Fireball                 Conj/Fire      #.........   100%        5    ######.
 Iron Shot                Conj/Erth      #.........   100%        6    #######
 Statue Form              Tmut/Erth      #........    100%        6    #######
 Malign Gateway           Summ/Tloc      #.........   100%        7    #######
 Monstrous Menagerie      Summ           #.........   100%        7    #######
 Summon Greater Demon     Summ           #.........   100%        7    #######
 Summon Horrible Things   Summ           #.........   100%        8    #######
 Shatter                  Erth           #.........   100%        9    #######


Dungeon Overview and Level Annotations

Branches:
Dungeon (15/15)            Temple (1/1) D:5            Lair (5/6) D:10
 Shoals (0/4) Lair:3       Spider (4/4) Lair:3          Orc (0/2) D:9
 Depths (0/5) D:15          Sewer (visited)         Gauntlet (visited)
  Slime: Lair:5-6    Vaults: D:13-14

Altars:
Ashenzari
Dithmenos
Elyvilon
Fedhas
Gozag
Hepliaklqana
Kikubaaqudgha
Makhleb
Nemelex Xobeh
Okawaru
Qazlal
Ru
Sif Muna
Trog
Uskayaw
Vehumet
Wu Jian
Xom
Yredelemnul
Zin
The Shining One

Shops:
D:12 *

Annotations:
D:7 exclusion: statue
Lair:3 2 transporters, Duod's ghost, journeyman MiBe
Lair:5 exclusion: 4 oklob plants


Innate Abilities, Weirdness & Mutations

You are resistant to damage.
You can heal yourself by infusing magical energy.
You resist negative energy. (rN+)
You passively map the area around you.
You do not regenerate.


Message History

You block the redback's attack.
The redback bites you but does no damage.
The demonic crawler closely misses you.
The demonic crawler hits you but does no damage.
The demonic crawler closely misses you. The redback barely misses you.
You block the redback's attack.
The redback bites you but does no damage.
The tarantella hisses angrily.
You puncture the demonic crawler!
The demonic crawler is severely wounded.
You feel very sick.
You block the redback's attack. x2; The demonic crawler closely misses you.
You block the demonic crawler's attack.
The demonic crawler hits you but does no damage.
The redback barely misses you. x2
The redback bites you but does no damage.
You puncture the demonic crawler!
The demonic crawler is almost dead.
You feel sick.
The redback bites you but does no damage.
You block the demonic crawler's attack. x2; The demonic crawler hits you.
You block the redback's attack.
The redback bites you but does no damage.
The redback closely misses you. The redback bites you.
You block the demonic crawler's attack.
The demonic crawler hits you but does no damage. x2
You puncture the demonic crawler!
You kill the demonic crawler!
Makhleb accepts your kill.
You feel better.
You feel sick. You block the redback's attack. x2
The redback barely misses you.
The redback bites you but does no damage.
A redback comes into view.
You block the redback's attack.
The redback bites you but does no damage. x2
The redback bites you.
You closely miss the redback.
You feel very sick.
The redback bites you but does no damage. x2
You block the redback's attack. The redback bites you.
The redback bites you but does no damage.
You block the redback's attack. x2
The redback bites you but does no damage.
You hit the redback.
The redback is lightly wounded.
You feel sick. You block the redback's attack.
The redback bites you but does no damage.
You block the redback's attack.
The redback bites you but does no damage.
The redback barely misses you. You block the redback's attack.
The redback barely misses you.
You hit the redback.
The redback is moderately wounded.
You feel sick. You block the redback's attack.
The redback bites you but does no damage.
You block the redback's attack.
The redback bites you but does no damage.
You block the redback's attack. The redback barely misses you.
The torpor snail bites you.
The redback bites you but does no damage.
A demon appears!
You feel sick. You block the redback's attack. The redback closely misses you.
The redback completely misses you. You block the redback's attack. x2
The redback bites you but does no damage.
The redback closely misses you.
The redback bites you but does no damage. x2
The redback completely misses you. You block the redback's attack.
The redback bites you.
You are more poisoned.
The redback poisons you! The redback barely misses you.
The torpor snail bites you but does no damage.
The redback closely misses you. x2
A demon appears!
You feel extremely sick.
The redback bites you but does no damage.
The redback bites you.
You are lethally poisoned!
The redback poisons you! You block the redback's attack. x4
The redback barely misses you.
The redback bites you but does no damage. x2
You block the redback's attack. The redback closely misses you.
The redback bites you!
* * * LOW HITPOINT WARNING * * *
The torpor snail bites you but does no damage.
The redback bites you but does no damage.
The redback bites you.
* * * LOW HITPOINT WARNING * * *
The redback bites you!
* * * LOW HITPOINT WARNING * * *
Your hellwing hits the torpor snail.
Your hellwing hits the torpor snail but does no damage.
You feel better.
You block the redback's attack. x2; The redback bites you.
* * * LOW HITPOINT WARNING * * *
The redback barely misses you. The redback bites you!
* * * LOW HITPOINT WARNING * * *
You block the redback's attack. The redback barely misses you.
The redback bites you!
* * * LOW HITPOINT WARNING * * *
The redback bites you!
You die...

###. ##......<.......##
##... #.................
#....##.................
#.......†.............^#
#^.....^^.........<..###
#..^.................#
*##.^...3....^........#
*
#.....ssw4...........#,
* .....ss@ss...........#
*
,.....sssss.........^##
......sss...........# ,
,.......^.s..........#
^* * *,...........^.^..
, , #........^.....^ , ,
[.............., , * ,
............... ,* *, ,
,, , , , ,


You could see a torpor snail, a demonic crawler, an orb spider, 3 tarantellas,
10 redbacks, a friendly hellwing and a friendly ynoxinul.

Vanquished Creatures
  Asterion (Spider:1)
  Agnes (Spider:1)
  Kirke (D:14)
  An emperor scorpion (Spider:2)
  An entropy weaver (Lair:3)
  Nessos (D:15)
  A minotaur (Gauntlet)
  An ettin (D:12)
  3 hydras
  2 centaur warriors
  A catoblepas (Lair:5)
  An ogre mage (D:15)
  Erica (Lair:2)
  2 death yaks (Lair:3)
  10 two-headed ogres
  A fire crab (shapeshifter) (D:12)
  Nergalle (Lair:3)
  A flayed ghost (D:15)
  2 skeletal warriors (D:15)
  2 unseen horrors
  Pikel (D:5)
  2 necromancers
  An iron dragon zombie (D:15)
  3 orb spiders
  11 wolf spiders
  A salamander (Lair:2)
  3 manticores
  2 cyclopes
  10 ugly things
  A moth of wrath (Spider:1)
  A moth of wrath (shapeshifter) (Gauntlet)
  4 black mambas
  4 elephants (Lair:5)
  A guardian serpent (shapeshifter) (Gauntlet)
  A centaur zombie (D:14)
  A minotaur zombie (Gauntlet)
  2 molten gargoyles (Lair:2)
  2 gargoyles
  A torpor snail (Lair:3)
  4 spiny frogs
  Maggie (D:7)
  2 rime drakes
  A yaktaur (D:12)
  2 kobold demonologists (D:15)
  7 komodo dragons
  5 demonic crawlers
  11 jumping spiders
  3 red devils (D:15)
  2 meliai (Gauntlet)
  3 polar bears
  8 trolls
  2 hornets
  6 slime creatures
  Prince Ribbit (D:9)
  20 blink frogs
  An ice dragon zombie (D:15)
  7 hippogriffs
  15 tarantellas
  A deep troll skeleton (D:15)
  2 shadows
  A wraith (D:14)
  26 redbacks
  3 wyverns
  44 yaks
  A fire dragon skeleton (D:15)
  7 fire bats (Lair:2)
  3 basilisks
  A hungry ghost (D:11)
  A basilisk (shapeshifter) (Gauntlet)
  4 vampire mosquitoes (D:14)
  Edmund (D:4)
  3 soldier ants
  11 water moccasins
  Duvessa (D:4)
  2 ice beasts
  11 porcupines
  A hornet zombie (D:14)
  A sky beast (D:15)
  4 slaves (D:5)
  14 ogres
  13 orc warriors
  2 black bears
  2 phantoms
  An eye of draining (D:14)
  A boggart (D:12)
  12 wolves
  17 centaurs
  11 crocodiles
  16 bullfrogs
  5 big kobolds
  2 gnoll sergeants (D:9)
  Dowan (D:4)
  2 scorpions
  A water moccasin skeleton (D:6)
  8 killer bees
  12 wights
  4 howler monkeys
  2 electric eels (Lair:3)
  8 crimson imps
  3 lava snakes (Lair:2)
  5 hounds
  A bullfrog skeleton (D:8)
  9 orc priests
  Crazy Yiuf (D:7)
  4 jellies
  15 orc wizards
  4 centaur skeletons
  6 iguanas
  Natasha (D:4)
  10 worker ants
  A yak simulacrum (Lair:4)
  A wolf simulacrum (Lair:4)
  A killer bee zombie (D:6)
  3 hound zombies
  A worker ant zombie (D:8)
  10 gnolls
  12 river rats
  11 adders
  4 shadow imps
  3 oozes
  A worm (D:3)
  A dart slug (D:4)
  4 leopard geckos
  46 orcs
  2 ball pythons
  4 bats
  5 giant cockroaches
  5 goblins (D:3)
  2 hobgoblins
  5 jackals
  11 quokkas
  4 frilled lizards
  23 kobolds
  A leopard gecko skeleton (D:4)
  A quokka skeleton (D:5)
  19 rats
  A fire vortex (Lair:2)
692 creatures vanquished.

Vanquished Creatures (collateral kills)
  A two-headed ogre (D:15)
  2 ugly things (D:15)
  2 wolf spiders
  2 kobold demonologists (D:15)
  A red devil (D:15)
  A meliai (Gauntlet)
  2 redbacks
  A big kobold (D:15)
  A jelly (D:15)
  A kobold (D:15)
14 creatures vanquished.

Vanquished Creatures (others)
  A jackal skeleton (D:7)
  5 fungi
  4 plants
  2 withered plants (D:15)
12 creatures vanquished.

Grand Total: 718 creatures vanquished

Notes
Turn   | Place    | Note
-------+----------+-------------------------------------------
     0 | D:1      | EnegeticOcto the Deep Dwarf Fighter began the quest for the
                  | Orb.
     0 | D:1      | Reached XP level 1. HP: 20/20 MP: 1/1
   100 | D:1      | Reached XP level 2. HP: 22/27 MP: 2/2
   401 | D:3      | Reached XP level 3. HP: 22/34 MP: 3/3
   433 | D:3      | Found a hazy altar of Hepliaklqana.
   566 | D:3      | Found a glowing drain.
   577 | D:3      | Reached skill level 1 in Dodging
   589 | Sewer    | Entered a sewer
   601 | Sewer    | Reached XP level 4. HP: 30/42 MP: 4/4
   653 | Sewer    | Noticed a big kobold
   686 | Sewer    | Killed a big kobold
   686 | Sewer    | Reached XP level 5. HP: 33/49 MP: 4/4
   709 | Sewer    | Found a white marble altar of Elyvilon.
  1250 | D:4      | Found a blossoming altar of Fedhas.
  1252 | D:4      | Found an ancient bone altar of Kikubaaqudgha.
  1444 | D:4      | Noticed Edmund
  1492 | D:4      | Killed Edmund
  1492 | D:4      | Reached XP level 6. HP: 19/57 MP: 4/4
  1538 | D:4      | Found a white marble altar of Elyvilon.
  1668 | D:4      | Found a bloodstained altar of Trog.
  1944 | D:4      | Noticed Duvessa
  1945 | D:4      | Noticed Dowan
  1958 | D:4      | Killed Duvessa
  1967 | D:4      | Killed Dowan
  2078 | D:4      | Reached XP level 7. HP: 43/66 MP: 4/4
  2133 | D:4      | Noticed Natasha
  2142 | D:4      | Killed Natasha
  2192 | D:5      | Entered Level 5 of the Dungeon
  2192 | D:5      | Found a blossoming altar of Fedhas.
  2201 | D:5      | Found a sacrificial altar of Ru.
  2240 | D:5      | Reached skill level 5 in Axes
  2312 | D:5      | Noticed Pikel
  2361 | D:5      | Killed Pikel
  2361 | D:5      | Reached skill level 5 in Fighting
  2361 | D:5      | Reached skill level 5 in Armour
  2361 | D:5      | Reached skill level 5 in Shields
  2361 | D:5      | Reached XP level 8. HP: 50/75 MP: 3/3
  2411 | D:5      | Found a staircase to the Ecumenical Temple.
  2429 | Temple   | Entered the Ecumenical Temple
  2586 | Temple   | Became a worshipper of Makhleb the Destroyer
  3099 | D:6      | Reached skill level 1 in Invocations
  3203 | D:6      | Reached skill level 2 in Invocations
  3461 | D:6      | Reached skill level 3 in Invocations
  3491 | D:6      | Found a glowing golden altar of the Shining One.
  3638 | D:6      | Reached * piety under Makhleb
  3789 | D:6      | Reached ** piety under Makhleb
  3882 | D:6      | Gained mutation: You passively map the area around you.
                  | [Deep Dwarf growth]
  3882 | D:6      | Reached XP level 9. HP: 54/82 MP: 6/6
  4026 | D:7      | Reached skill level 4 in Invocations
  4062 | D:7      | Noticed Maggie
  4081 | D:7      | Killed Maggie
  4233 | D:7      | Found a runed translucent door.
  4234 | D:7      | Noticed Crazy Yiuf
  4285 | D:7      | Reached skill level 1 in Polearms
  4290 | D:7      | Got a smoking tin ring
  4404 | D:7      | Identified the ring "Foudd" {rN+ Dex+3} (You found it on
                  | level 7 of the Dungeon)
  4407 | D:7      | Reached skill level 5 in Invocations
  4467 | D:7      | Reached skill level 5 in Dodging
  4745 | D:7      | Found a radiant altar of Vehumet.
  4904 | D:7      | Killed Crazy Yiuf
  4994 | D:8      | Found a shadowy altar of Dithmenos.
  5144 | D:8      | You fall into a shaft and drop 2 floors!
  5144 | D:10     | Entered Level 10 of the Dungeon
  5144 | D:10     | Noticed a two-headed ogre
  5147 | D:10     | Reached skill level 6 in Invocations
  5154 | D:10     | Killed a two-headed ogre
  5154 | D:10     | Reached XP level 10. HP: 94/94 MP: 9/9
  5167 | D:10     | Reached *** piety under Makhleb
  5193 | D:10     | Reached skill level 7 in Invocations
  5206 | D:10     | Found a staircase to the Lair.
  5265 | D:9      | Found a shimmering altar of Xom.
  6281 | D:9      | Found a staircase to the Orcish Mines.
  6308 | D:9      | Reached skill level 8 in Invocations
  6324 | D:9      | Reached **** piety under Makhleb
  6544 | D:9      | Found an opulent altar of Gozag.
  6546 | D:9      | Noticed Prince Ribbit
  6553 | D:9      | Killed Prince Ribbit
  6596 | D:9      | Reached XP level 11. HP: 103/103 MP: 12/12
  7082 | D:10     | Reached skill level 5 in Polearms
  7634 | Lair:1   | Entered Level 1 of the Lair of Beasts
  7785 | Lair:1   | Reached skill level 9 in Invocations
  8498 | Lair:2   | Noticed a four-headed hydra
  8506 | Lair:2   | Reached ***** piety under Makhleb
  8513 | Lair:2   | Killed a four-headed hydra
  8550 | Lair:2   | Reached skill level 10 in Invocations
  9041 | Lair:2   | Got a crude wooden ring
  9065 | Lair:2   | Identified the ring "Plog" {rF- rC++ rCorr MP+9 Stlth+}
                  | (You found it on level 2 of the Lair of Beasts)
  9156 | Lair:2   | Noticed Erica
  9165 | Lair:2   | Killed Erica
  9165 | Lair:2   | Reached XP level 12. HP: 114/114 MP: 14/14
  9408 | Lair:3   | Found a transporter.
  9413 | Lair:3   | Noticed Duod's ghost (journeyman MiBe)
  9413 | Lair:3   | Identified the +5 spear of the Hawk {flame, MR+ Int+3 Dex-4
                  | Stlth+}
  9413 | Lair:3   | Identified the +6 trident of Spite {elec, Fragile Int+4
                  | Dex+6}
  9418 | Lair:3   | Found a transporter.
  9462 | Lair:3   | Noticed a death yak
  9471 | Lair:3   | Noticed a death yak
  9495 | Lair:3   | Killed a death yak
  9506 | Lair:3   | Killed a death yak
  9530 | Lair:3   | Noticed Nergalle
  9541 | Lair:3   | Killed Nergalle
  9541 | Lair:3   | Reached skill level 11 in Invocations
  9593 | Lair:3   | Found a staircase to the Shoals.
  9727 | Lair:3   | Identified a scroll of acquirement
  9727 | Lair:3   | Identified a +1 pair of boots of running (You acquired it
                  | on level 3 of the Lair of Beasts)
  9846 | Lair:3   | Found a bloodstained altar of Trog.
 10131 | Lair:3   | Found a hole to the Spider Nest.
 10149 | Lair:3   | Reached skill level 10 in Fighting
 10524 | Lair:4   | Reached skill level 12 in Invocations
 10924 | Lair:4   | Reached XP level 13. HP: 123/123 MP: 16/16
 11216 | Lair:4   | Reached ****** piety under Makhleb
 12441 | D:11     | Identified the +6 scale mail "Cuogaaxt" {+Blink +Inv rC-
                  | Stlth+}
 12468 | D:11     | Reached skill level 13 in Invocations
 12687 | D:12     | Found Xethofo's Assorted Antiques.
 12697 | D:12     | Bought a scroll of magic mapping for 73 gold pieces
 12697 | D:12     | Bought a scroll of blinking for 157 gold pieces
 12697 | D:12     | Bought a scroll of teleportation for 63 gold pieces
 12697 | D:12     | Bought a murky purple potion for 18 gold pieces
 13010 | D:12     | Noticed an ettin
 13024 | D:12     | Killed an ettin
 13061 | D:12     | You fall into a shaft and drop 3 floors!
 13061 | D:15     | Entered Level 15 of the Dungeon
 13084 | D:15     | Reached skill level 10 in Shields
 13101 | D:15     | Gained mutation: You resist negative energy. (rN+) [Deep
                  | Dwarf growth]
 13101 | D:15     | Reached XP level 14. HP: 124/135 MP: 18/18
 13150 | D:15     | Found a shimmering altar of Xom.
 13165 | D:15     | Reached skill level 10 in Armour
 13185 | D:15     | Found a staircase to the Depths.
 13375 | D:15     | Noticed Nessos
 13412 | D:15     | Killed Nessos
 13412 | D:15     | Reached skill level 14 in Invocations
 13531 | D:15     | Reached skill level 10 in Polearms
 13827 | D:14     | Found a gate leading to a gauntlet.
 13850 | Gauntlet | Entered a Gauntlet
 13850 | Gauntlet | Found a transporter.
 13850 | Gauntlet | Found a transporter.
 13879 | Gauntlet | Found a transporter.
 13882 | Gauntlet | Found a transporter.
 13893 | Gauntlet | Found a transporter.
 13894 | Gauntlet | Found a transporter.
 13902 | Gauntlet | Found a transporter.
 13902 | Gauntlet | Identified the ring "Ageloij" {rN+ MR+ Stlth-}
 13918 | Gauntlet | Found a transporter.
 13932 | Gauntlet | Found a transporter.
 13936 | Gauntlet | Found a transporter.
 13944 | Gauntlet | Found a transporter.
 13948 | Gauntlet | Found a transporter.
 14147 | Gauntlet | Identified the ring of Jehast {*Corrode rElec MP+9 Str+3
                  | Dex+7}
 14148 | Gauntlet | Found the ring of the Mage {Wiz MR++ Int+3}
 14244 | D:14     | Reached skill level 10 in Dodging
 14398 | D:14     | Noticed Kirke
 14409 | D:14     | Killed Kirke
 14639 | D:13     | Noticed Maurice
 14666 | D:13     | Reached XP level 15. HP: 144/144 MP: 19/19
 14989 | Spider:1 | Entered Level 1 of the Spider Nest
 15020 | Lair:3   | Reached skill level 15 in Invocations
 15059 | Spider:1 | Noticed Asterion
 15073 | Spider:1 | Noticed Agnes
 15081 | Spider:1 | Killed Asterion
 15084 | Spider:1 | Killed Agnes
 15465 | Spider:4 | Entered Level 4 of the Spider Nest
 15548 | Spider:4 | HP: 7/146 [redback (11)]
 15548 | Spider:4 | Slain by a redback

Levels and vault maps discovered:
D:1:      saegor_arrival_miasma, layout_basic, minmay_door_square
D:2:      layout_rooms, lemuel_coloured_pillars_altar, first_ration,
          serial_park_tiny_1, trog_butcher_becter
D:3:      layout_basic, old_standard_altar, portal_sewer_entry_a
D:4:      layout_basic, grunt_temple_overflow_growth_and_decay, bloody_trog,
          elyvilon_altar_1, kennysheep_cluttered_room, uniq_natasha,
          uniq_edmund, uniq_duvessa
D:5:      layout_cave_pods, lemuel_crystal_altar, minmay_temple_entry_overgrown,
          basic_altar, uniq_pikel
D:6:      lemuel_ratsnest, layout_basic, tso_altar
D:7:      layout_loops_ring, vehumet_statue, grunt_ministairs_7,
          uniq_crazy_yiuf_cottage, uniq_maggie
D:8:      layout_basic, lemuel_crystal_altar, serial_rivers,
          chequers_serial_rivers_micro_b, chequers_serial_rivers_small_3,
          chequers_serial_rivers_marsh, chequers_serial_rivers_small_3,
          chequers_serial_rivers_micro_b
D:9:      layout_irregular_city, grunt_gozag_statues, kennysheep_mini_moat,
          kennysheep_orc_monster_closet_entryway, uniq_prince_ribbit1
D:10:     layout_long_grid, lair_entry_dummy, enter_bailey_8, grunt_ogre_cave
D:11:     layout_rooms
D:12:     minmay_tearing_corner, layout_long_grid, serial_shops,
          nicolae_shop_overgrown_old_shop
D:13:     layout_basic, hangedman_vaults_entry_quadrant_bands, uniq_maurice
D:14:     layout_basic, gauntlet_entry_generic, skrybe_limestone_x,
          minmay_misc_feat_columns, kennysheep_generic_room_13, uniq_kirke
D:15:     gammafunk_depths_entry_grave, layout_stronghold, abandoned_shop,
          hangedman_feature_mirror, minmay_variable_closet,
          einodemon_armed_red_devil_minivault, uniq_nessos, uniq_azrael
Temple:   chequers_temple_sunken
Lair:1:   layout_gridlike
Lair:2:   layout_chaotic_city, chequers_serial_rivers_micro_c, uniq_erica
Lair:3:   layout_loops_ring, elwin_shoals_entry_rocks,
          spider_nest_entry_funnel_web, gammafunk_ghost_wrathful_warriors,
          serial_bayou_shore_a, infiniplex_staircase_pool, uniq_nergalle
Lair:4:   wad_woods_structure_01, layout_regular_city, eino_house_with_fridge
Lair:5:   layout_regular_city, grunt_megastairs_2, minmay_lair_oklob_chamber,
          serial_bayou_shore_b, lemuel_fruit_tree, infiniplex_staircase_pool_2
Spider:1: layout_spider_delve, uniq_asterion, uniq_agnes
Spider:2: layout_chambers
Spider:3: layout_chambers, spiders_nest_the_unseen, nicolae_spider_cling_halls,
          uniq_jorgrun
Spider:4: spider_rune_water, nicolae_orb_island

Skill      XL: |  1  2  3  4  5  6  7  8  9 10 11 12 13 14 15 |
---------------+----------------------------------------------+-----
Fighting       | 3 4 5 6 7 8 9 10 11 12 | 12.7
Dodging        | 1 2 3 4 5 6 7 8 9 10 | 10.6
Axes           | 3 4 6 7 |  7.3
Armour         | 4 5 6 7 8 9 10 11 | 11.2
Shields        | 4 5 6 7 8 9 10 11 | 11.2
Invocations    | 3 6 8 10 12 13 14 15 | 15.7
Polearms       | 2 4 6 8 9 10 11 | 11.2

Action                   |  1- 3 |  4- 6 |  7- 9 | 10-12 | 13-15 || total
-------------------------+-------+-------+-------+-------+-------++-------
Melee: War axe           |    96 |   129 |   304 |       |       ||   529
       Lance             |       |       |    99 |   861 |  1443 ||  2403
Invok: Lesser Servant of |       |       |       |       |    26 ||    26
 Abil: Heal Wounds       |     1 |     8 |    15 |     9 |    11 ||    44
Evoke: Wand              |       |       |     2 |       |       ||     2
  Use: Scroll            |       |       |     9 |    10 |    14 ||    33
       Potion            |       |       |       |       |     4 ||     4
 Stab: Paralysed         |       |       |     3 |       |       ||     3
       Distracted        |       |       |       |       |     3 ||     3
  Eat: Chunk             |       |     4 |    11 |    16 |    17 ||    48
       Ration            |       |       |       |     1 |       ||     1
Armor: Scale mail        |    42 |    27 |       |       |       ||    69
       Chain mail        |       |    24 |   167 |   100 |       ||   291
       Plate armour      |       |       |       |   234 |   724 ||   958
Dodge: Dodged            |    32 |    34 |   103 |   157 |   348 ||   674
Block: Kite shield       |    45 |    66 |   215 |       |       ||   326
       Tower shield      |       |       |     3 |   669 |  1319 ||  1991

Table legend:
 A = Non-vault XP
 B = Vault XP
 C = Vault XP percentage of total XP
 D = Non-vault monster count
 E = Vault monster count
 F = Vault count percentage of total count
                 A         B        C        D         E       F
            +---------+---------+-------+---------+---------+-------
      Total |  103001 |   31241 |  23.3 |     567 |     134 |  19.1
            +---------+---------+-------+---------+---------+-------
        D:1 |      16 |       0 |   0.0 |      10 |       0 |   0.0
        D:2 |       2 |       0 |   0.0 |       1 |       0 |   0.0
        D:3 |      45 |      19 |  29.7 |      19 |       4 |  17.4
        D:4 |     122 |     435 |  78.1 |       7 |       4 |  36.4
        D:5 |     351 |     663 |  65.4 |      17 |       1 |   5.6
        D:6 |     805 |     292 |  26.6 |      19 |      32 |  62.7
        D:7 |    1024 |     571 |  35.8 |      18 |       4 |  18.2
        D:8 |     980 |       0 |   0.0 |      26 |       0 |   0.0
        D:9 |    1747 |    1703 |  49.4 |      30 |      21 |  41.2
       D:10 |    3358 |     113 |   3.3 |      30 |       1 |   3.2
       D:11 |    7909 |       0 |   0.0 |      59 |       0 |   0.0
       D:12 |    1855 |    4082 |  68.8 |      22 |       8 |  26.7
       D:13 |    4611 |       0 |   0.0 |      25 |       0 |   0.0
       D:14 |   10956 |    3204 |  22.6 |      41 |       3 |   6.8
       D:15 |   13921 |    6167 |  30.7 |      33 |      14 |  29.8
     Lair:1 |    3829 |       0 |   0.0 |      20 |       0 |   0.0
     Lair:2 |    5667 |     897 |  13.7 |      26 |       1 |   3.7
     Lair:3 |   10505 |    1864 |  15.1 |      40 |       4 |   9.1
     Lair:4 |    5119 |    1795 |  26.0 |      27 |       7 |  20.6
     Lair:5 |    7714 |    1610 |  17.3 |      26 |       5 |  16.1
   Spider:1 |   14691 |    4060 |  21.7 |      50 |       2 |   3.8
   Spider:2 |    3298 |       0 |   0.0 |       8 |       0 |   0.0
   Spider:3 |    2102 |       0 |   0.0 |       8 |       0 |   0.0
   Spider:4 |    2374 |       0 |   0.0 |       5 |       0 |   0.0
      Sewer |       0 |     156 | 100.0 |       0 |      11 | 100.0
   Gauntlet |       0 |    3610 | 100.0 |       0 |      12 | 100.0
            +---------+---------+-------+---------+---------+-------
